 Dungeon Crawl Stone Soup version 0.31-a0-40-g1d5085d191 (webtiles) character file.

Game seed: 4244468834249727980

822 IdlyInterested the Trooper (level 7, -1/58 HPs)
             Began as a Demonspawn Wanderer on May 17, 2023.
             Slain by a gnoll sergeant
             ... wielding a +1 spear of flaming
              (2 damage)
             ... on level 5 of the Dungeon.
             The game lasted 00:13:44 (3510 turns).

IdlyInterested the Trooper (Demonspawn Wanderer)    Turns: 3510, Time: 00:13:45

Health: -1/58      AC:  7    Str: 13    XL:     7   Next: 63%
Magic:  11/11      EV: 11    Int: 12    God:
Gold:   305        SH:  4    Dex: 15    Spells: 12/12 levels left

rFire   . . .        u - +0 dagger (drain)
rCold   . . .        c - +0 buckler
rNeg    . . .        D - +0 ring mail of Ziorra {rElec}
rPois   .            I - +0 helmet
rElec   +            J - +0 cloak
rCorr   .            (no gloves)
SInv    .            (no boots)
Will    .....        (no amulet)
Stlth   ++           o - ring of fire
HPRegen 0.29/turn    w - ring of ice
MPRegen 0.12/turn

%: no passive effects
@: marked
A: hooves 2, demonic guardian 2
a: no special abilities


You were on level 5 of the Dungeon.
You visited 1 branch of the dungeon, and saw 5 of its levels.

You collected 305 gold pieces.

Inventory:

Hand Weapons
 a - a +0 dagger
 u - a +0 dagger of draining (weapon)
 A - a +0 trident
 B - a +0 whip of flaming
 C - a +0 short sword
 G - a +1 dagger of pain
 L - a +0 war axe
Missiles
 b - 2 throwing nets
 l - 37 stones (quivered)
 z - 13 poisoned darts
Armour
 c - a +0 buckler (worn)
 e - a +0 leather armour
 v - a +0 chain mail
 D - the +0 ring mail of Ziorra (worn) {rElec}
   (You found it on level 3 of the Dungeon)

   rElec:     It insulates you from electricity.
 I - a +0 helmet (worn)
 J - a +0 cloak (worn)
Magical Staves
 g - a staff of air
Jewellery
 o - a ring of fire (left hand)
 w - a ring of ice (right hand)
Wands
 E - a wand of light (2)
 K - a wand of digging (8)
Scrolls
 j - 2 scrolls of teleportation
 k - a scroll of summoning {unknown}
 m - a scroll of magic mapping
 n - 2 scrolls of vulnerability {unknown}
 p - a scroll of identify {unknown}
 x - 2 scrolls of immolation
 y - a scroll of brand weapon {unknown}
 H - a scroll of blinking {unknown}
Potions
 d - 2 potions of attraction
 f - a potion of magic {unknown}
 h - 2 potions of brilliance
 i - a potion of curing {unknown}
 q - a potion of flight {unknown}
 r - a potion of haste {unknown}
 s - a potion of invisibility {unknown}
 t - a potion of degeneration {unknown}
 F - a potion of cancellation {unknown}


   Skills:
 + Level 6.0 Fighting
 - Level 1.0 Throwing
 - Level 2.0 Armour
 - Level 3.6 Dodging
 - Level 3.0 Stealth
 - Level 2.0 Shields
 - Level 3.0 Spellcasting
 - Level 1.0 Necromancy
 - Level 2.6 Transmutations
 * Level 0.0 Air Magic
 - Level 1.0 Evocations


You had 12 spell levels left.
You didn't know any spells.
Your spell library contained the following spells:

 Spells                   Type           Power      Damage    Failure   Level
 Wereblood                Tmut           8%         N/A       34%         2
 Sting                    Tmut/Pois      20%        1d4       38%         1
 Passwall                 Tmut/Erth      4%         N/A       52%         2
 Magic Dart               Conj           4%         1d3       56%         1
 Poisonous Vapours        Pois/Air       2%         N/A       71%         2
 Searing Ray              Conj           2%         2d4       71%         2
 Fulminant Prism          Conj/Hex       0%         3d5       100%        4
 Olgreb's Toxic Radiance  Pois           1%         N/A       100%        4


Dungeon Overview and Level Annotations

Branches:
Dungeon (5/15)
 Temple: D:4-7

Altars:
Cheibriados

Shops:
D:1 (


Innate Abilities, Weirdness & Mutations

You have hoof-like feet.
A demonic guardian rushes to your aid.


Message History

Your hellwing hits the gnoll!
The gnoll dies!
Training target 1.0 for Necromancy reached!
Your Necromancy skill increases to level 1!
You hit the phantom but do no damage. Your kick misses the phantom.
The phantom is almost destroyed.
The adder closely misses you. The adder bites you but does no damage.
Your hellwing barely misses the adder.
Your hellwing misses the adder. The adder bites you but does no damage.
The gnoll hits you from afar with a +0 halberd.
The phantom closely misses you.
The gnoll sergeant hits you from afar with a +1 spear of flaming!
The gnoll sergeant burns you.
* * * LOW HITPOINT WARNING * * *
You hit the phantom. Your kick misses the phantom.
The phantom is almost destroyed.
The adder bites you but does no damage. The adder misses you.
The gnoll hits you but does no damage.
Your hellwing closely misses the adder.
Your hellwing hits the adder.
The phantom hits you but does no damage.
The gnoll sergeant hits you from afar with a +1 spear of flaming.
* * * LOW HITPOINT WARNING * * *
The gnoll sergeant burns you.
* * * LOW HITPOINT WARNING * * *
Aiming: Bolt of Light
Press: ? - help, Shift-Dir - straight line, f - jelly, p - gnoll sergeant
Aim: a jelly (100% to hit)
The bolt of light misses the adder.
The bolt of light hits the gnoll!
The gnoll is severely wounded.
The gnoll is blinded.
The bolt of light hits the jelly!
The jelly is severely wounded.
You block the adder's attack. The adder bites you but does no damage.
The gnoll hits you from afar with a +0 halberd.
* * * LOW HITPOINT WARNING * * *
The phantom hits you but does no damage.
Your hellwing misses the adder. Your hellwing hits the adder.
The gnoll sergeant hits you from afar with a +1 spear of flaming!
* * * LOW HITPOINT WARNING * * *
The gnoll sergeant burns you.
You die...

#..............
#................
#...............
#..............#
#......<.......+
#.(............#
...............#
........>.SW...#
....[.....@.gS.#
........Wh.Sg.....
..........4gJ.....
..................
...............
...............
...............
###############


You could see 2 phantoms, a gnoll sergeant (blind), a hound, a jelly, 2 gnolls,
3 adders and a friendly hellwing (summoned).

Vanquished Creatures
  Pikel (D:4)
  An ogre (D:4)
  2 hounds (D:4)
  An orc priest (D:3)
  Ijyb (D:4)
  An orc wizard (D:3)
  2 gnolls (D:3)
  3 adders
  2 worms
  An orc (D:3)
  2 ball pythons
  5 bats
  5 endoplasms
  6 goblins
  3 hobgoblins
  2 jackals (D:2)
  7 kobolds
  3 quokkas
  5 frilled lizards
  5 rats
58 creatures vanquished.

Vanquished Creatures (collateral kills)
  3 gnolls
  A worm (D:2)
  A dart slug (D:2)
  An orc (D:4)
  A ball python (D:4)
  An endoplasm (D:4)
  A kobold (D:2)
  A rat (D:2)
10 creatures vanquished.

Grand Total: 68 creatures vanquished

Notes
Turn   | Place    | Note
-------+----------+-------------------------------------------
     0 | D:1      | IdlyInterested the Demonspawn Wanderer began the quest for
                  | the Orb.
     0 | D:1      | IdlyInterested set off with the following items: a +0
                  | dagger, 4 throwing nets, a +0 buckler, a potion of
                  | attraction, a +0 leather armour; and the following spells
                  | available to memorise: Wereblood, Passwall.
     0 | D:1      | Reached XP level 1. HP: 15/15 MP: 2/2
   320 | D:1      | Found Faridil's Weapon Shop.
   403 | D:1      | Gained mutation: A weak demonic guardian rushes to your
                  | aid. [demonic ancestry]
   403 | D:1      | Reached XP level 2. HP: 22/22 MP: 3/3
   465 | D:1      | Reached skill level 2 in Fighting
   867 | D:2      | Reached skill level 1 in Armour
  1151 | D:2      | Gained mutation: A demonic guardian rushes to your aid.
                  | [demonic ancestry]
  1151 | D:2      | Reached XP level 3. HP: 28/28 MP: 4/4
  1706 | D:3      | Reached skill level 3 in Fighting
  1706 | D:3      | Reached skill level 1 in Stealth
  1769 | D:3      | Gained mutation: You have large cloven feet. [demonic
                  | ancestry]
  1769 | D:3      | Reached XP level 4. HP: 17/36 MP: 5/5
  1874 | D:3      | Reached skill level 1 in Throwing
  1877 | D:3      | Identified the +0 ring mail of Ziorra {rElec}
  2174 | D:3      | Found a faded altar of an unknown god.
  2218 | D:3      | Reached skill level 4 in Fighting
  2220 | D:3      | Reached skill level 1 in Evocations
  2220 | D:3      | Gained mutation: You have hoof-like feet. [demonic
                  | ancestry]
  2220 | D:3      | Reached XP level 5. HP: 34/42 MP: 6/6
  2796 | D:4      | Noticed Ijyb
  2797 | D:4      | Noticed an ogre
  2804 | D:4      | Killed Ijyb
  2831 | D:4      | Killed an ogre
  2832 | D:4      | Reached XP level 6. HP: 21/49 MP: 9/9
  3075 | D:4      | Noticed Pikel
  3127 | D:4      | Killed Pikel
  3128 | D:4      | Reached skill level 6 in Fighting
  3128 | D:4      | Reached XP level 7. HP: 30/58 MP: 9/11
  3268 | D:4      | Found a snail-covered altar of Cheibriados.
  3463 | D:5      | Entered Level 5 of the Dungeon
  3508 | D:5      | Reached skill level 1 in Necromancy
  3510 | D:5      | HP: 1/58 [gnoll sergeant/+1 spear of flaming (8)]
  3510 | D:5      | Slain by a gnoll sergeant

Illustrated notes

Levels and vault maps discovered:
D:1:      dpeg_arrival_tiny_f, layout_loops_ring, serial_shops,
          nicolae_shop_tiny_real_fake_doors
D:2:      layout_loops_cross
D:3:      layout_loops_ring, chequers_ecumenical_altar_simple,
          grunt_ministairs_7
D:4:      layout_cave_pools, mainiacjoe_overflow_alcove_1,
          grunt_decor_arrowhead, uniq_pikel, uniq_ijyb
D:5:      layout_gridville, minmay_temple_entry_offerings,
          gammafunk_ghost_grave, kennysheep_nub, chequers_big_river,
          kb_lookout_dungeons_type, minmay_quadrilaterals, uniq_duvessa

Skill      XL: |  1  2  3  4  5  6  7 |
---------------+----------------------+-----
Fighting       | 2 3 4 6 |  6.0
Armour         | 1 2 |  2.0
Stealth        | 1 3 |  3.0
Throwing       | 1 |  1.0
Evocations     | 1 |  1.0
Spellcasting   | 2 3 |  3.0
Shields        | 2 |  2.0
Necromancy     | 1 |  1.0
Dodging        | |  3.6
Transmutations | |  2.6

Action                     |  1- 3 |  4- 6 |  7- 9 || total
---------------------------+-------+-------+-------++-------
  Melee: Dagger            |   176 |    98 |    15 ||   289
         Kick              |       |    25 |     7 ||    32
  Throw: Throwing net      |     3 |     1 |       ||     4
         Dart              |       |     1 |       ||     1
  Evoke: Wand              |       |     4 |     2 ||     6
    Use: Scroll            |     2 |     1 |       ||     3
         Potion            |       |     1 |       ||     1
   Stab: Sleeping          |     1 |       |     1 ||     2
 Armour: Ring mail         |    32 |    18 |    11 ||    61
         Chain mail        |    36 |       |       ||    36
  Dodge: Dodged            |    63 |    35 |    12 ||   110
  Block: Buckler           |    34 |    14 |     3 ||    51

Table legend: (Time is in decaauts)
 A = Elapsed time spent in this place.
 B = Non-inter-level travel time spent in this place.
 C = Inter-level travel time spent in this place.
 D = Time resting spent in this place.
 E = Time spent auto-exploring this place.
 F = Levels seen in this place.
 G = Mean time per level.
                   A        B        C        D        E       F      G
               +--------+--------+--------+--------+--------+-----+--------+
         Total |   3526 |   3186 |    340 |    365 |   1784 |   5 |  705.2 |
       Dungeon |   3526 |   3186 |    340 |    365 |   1784 |   5 |  705.2 |
               +--------+--------+--------+--------+--------+-----+--------+

Top non-repeatable levels by time:
     D:3: 942 daAuts
     D:1: 873 daAuts
     D:4: 839 daAuts
     D:2: 836 daAuts
     D:5: 34 daAuts
